 Dungeon Crawl Stone Soup version 0.31-a0-365-gcf821cafb2 (webtiles) character file.

Game seed: 13227356412774411939

39379 hashsling the Bludgeoner (level 14, -1/96 (98) HPs)
             Began as a Gargoyle Fighter on July 28, 2023.
             Was the Champion of Okawaru.
             Slain by an orc
             ... wielding a +0 hand axe
              (2 damage)
             ... on level 1 of the Orcish Mines.
             The game lasted 00:54:38 (14256 turns).

hashsling the Bludgeoner (Gargoyle Fighter)        Turns: 14256, Time: 00:54:45

HP:   -1/96 (98)    AC: 40    Str: 24    XL:     14   Next: 6%
MP:   0/15          EV: 12    Int: 10    God:    Okawaru [******]
Gold: 424           SH:  0    Dex:  9    Spells: 13/13 levels left

rFire   . . .        Q - +10 dark maul {heavy}
rCold   + + .        (shield currently unavailable)
rNeg    + . .        n - +3 plate armour of the Mauling Gods {rC++}
rPois   ∞            d - +2 helmet
rElec   +            V - +1 cloak
rCorr   .            (no gloves)
SInv    .            l - +1 pair of boots
Will    +....        p - amulet of guardian spirit Stlth
                     F - +5 ring of evasion
HPRegen 0.36/turn    U - +4 ring of protection
MPRegen 0.14/turn

%: guardian spirit
@: flying, studying Air Magic, lightly drained
A: sickness immunity, AC +10, big wings, negative energy resistance 1,
electricity resistance, torment resistance 1, petrification resistance
a: Renounce Religion, Heroism, Finesse, Duel


You were on level 1 of the Orcish Mines.
You worshipped Okawaru.
Okawaru was exalted by your worship.
You visited 3 branches of the dungeon, and saw 15 of its levels.

You collected 1698 gold pieces.
You spent 1274 gold pieces at shops.

Inventory:

Hand Weapons
 Q - the +10 dark maul (weapon) {heavy}
   (You found it on level 10 of the Dungeon)
Missiles
 w - 41 poisoned darts
 C - 5 curare-tipped darts
 E - 3 javelins
 O - 2 throwing nets
Armour
 c - a +3 chain mail
 d - a +2 helmet (worn)
 l - a +1 pair of boots (worn)
 n - the +3 plate armour of the Mauling Gods (worn) {rC++}
   (You bought it in a shop on level 2 of the Orcish Mines)

   rC:        It greatly protects you from cold.
 R - +0 ice dragon scales
 V - a +1 cloak (worn)
 Z - a +2 helmet
Jewellery
 e - a ring of protection from cold
 p - an amulet of guardian spirit (around neck)
 u - a ring of protection from fire
 F - a +5 ring of evasion (left hand)
 H - a +6 ring of dexterity
 S - an amulet of regeneration
 U - a +4 ring of protection (right hand)
Wands
 m - a wand of iceblast (3) (quivered)
 I - a wand of acid (6)
 K - a wand of flame (10)
Scrolls
 f - 9 scrolls of teleportation
 h - a scroll of noise {unknown}
 i - 4 scrolls of revelation
 j - a scroll of fear {unknown}
 k - 3 scrolls of immolation
 q - 3 scrolls of blinking
 v - 4 scrolls of amnesia
 y - a scroll of butterflies {unknown}
 D - a scroll of identify
 G - a scroll of enchant armour {unknown}
 J - 2 scrolls of vulnerability
 W - a scroll of poison {unknown}
Potions
 a - a potion of attraction {unknown}
 b - 2 potions of degeneration
 g - 3 potions of mutation
 r - 3 potions of lignification
 s - 2 potions of cancellation
 z - a potion of invisibility {unknown}
 A - 6 potions of curing
 B - 2 potions of ambrosia {unknown}
 T - a potion of haste
 X - a potion of heal wounds


   Skills:
 - Level 15.0 Fighting
 * Level 17.5 Maces & Flails
 + Level 10.2 Armour
 - Level 4.2 Shields
 + Level 1.7 Invocations


You had 13 spell levels left.
You didn't know any spells.
Your spell library contained the following spells:

 Spells                   Type           Power      Damage    Failure   Level
 Kiss of Death            Conj/Necr      0%         2d5       99%         1
 Confusing Touch          Hex            0%         N/A       100%        3
 Frozen Ramparts          Ice            0%         1d1       100%        3
 Ozocubu's Armour         Ice            0%         N/A       100%        3
 Vhi's Electric Charge    Tloc/Air       0%         N/A       100%        3
 Dispel Undead            Necr           0%         3d6       100%        4
 Manifold Assault         Tloc           0%         N/A       100%        4
 Petrify                  Tmut/Erth      0%         N/A       100%        4
 Arcjolt                  Conj/Air       0%         1d10      100%        5
 Borgnjor's Vile Clutch   Necr/Erth      0%         N/A       100%        5
 Metabolic Englaciation   Hex/Ice        0%         N/A       100%        5
 Dispersal                Tloc           0%         N/A       100%        6
 Leda's Unmaking          Conj/Erth      0%         9d1       100%        6
 Plasma Beam              Fire/Air       0%         2x1d10    100%        6
 Ozocubu's Refrigeration  Ice            0%         4d7       100%        7
 Disjunction              Tloc           0%         N/A       100%        8
 Shatter                  Erth           0%         3d5*      100%        9
 Animate Dead             Necr           Unusable   N/A       N/A         4
 Death Channel            Necr           Unusable   N/A       N/A         6

Dungeon Overview and Level Annotations

Branches:
Dungeon (12/15)            Temple (1/1) D:7            Lair (0/5) D:9
    Orc (2/2) D:11            Elf (0/3) Orc:2

Altars:
Ashenzari
Cheibriados
Dithmenos
Elyvilon
Fedhas
Gozag
Hepliaklqana
Kikubaaqudgha
Makhleb
Nemelex Xobeh
Okawaru
Qazlal
Ru
Sif Muna
Trog
Uskayaw
Vehumet
Wu Jian
Xom
Yredelemnul
Zin
The Shining One

Shops:
D:3 (   D:5 *   D:7 :   D:11 =   D:12 =   Orc:2 [(*=

Annotations:
D:4 1 transporter, CraigForest's ghost, novice MfSh
Orc:1 Nergalle


Innate Abilities, Weirdness & Mutations

You are immune to sickness and miasma.
Your stone body is resilient. (AC +10)
You are immune to poison.
Your large and strong wings let you fly.
You resist negative energy. (rN+)
You are resistant to electric shocks. (rElec)
You are resistant to unholy torment.
You are immune to petrification.


Message History

Found 28 gold pieces.
The orc hits you but does no damage.
The spectral orc knight hits you with a +1 long sword of protection!
The spectral orc knight closely misses you.
Things that are here:
a +0 giant spiked club; a +0 hand axe The orc attacks as you move away!
The orc hits you but does no damage.
The spectral orc knight attacks as you move away!
The spectral orc knight hits you with a +1 long sword of protection.
Nergalle points at you and mumbles some strange words.
The bolt of negative energy hits you! You partially resist.
You feel drained.
The bolt of negative energy misses the orc.
The bolt of negative energy hits the spectral orc knight.
The spectral orc knight completely resists.
The bolt of negative energy hits the spectral orc.
The spectral orc completely resists.
The spectral orc warrior barely misses you.
You closely miss Nergalle. The orc closely misses you.
The ettin hits you with a +0 dire flail!!
The ettin misses you. Nergalle hits you but does no damage.
The spectral orc warrior hits you but does no damage.
Nergalle points at the spectral orc warrior and mumbles some strange words.
The spectral orc warrior seems to speed up.
The orc closely misses you. The orc hits you but does no damage.
The ettin hits you with a +0 dire flail.
The ettin barely misses you.
The spectral orc knight hits you but does no damage.
The spectral orc warrior hits you with a +0 long sword.
You closely miss Nergalle. The spectral orc warrior misses you.
The orc hits you but does no damage. The orc misses you.
The ettin hits you with a +0 dire flail!
* * * LOW HITPOINT WARNING * * *
The ettin hits you with a +0 dire flail!
* * * LOW HITPOINT WARNING * * *
Nergalle hits you but does no damage.
The spectral orc knight hits you but does no damage.
The spectral orc warrior hits you with a +0 long sword.
* * * LOW HITPOINT WARNING * * *
The spectral orc knight barely misses you.
Nergalle misses you. The orc misses you. The orc hits you with a +0 hand axe.
You die...

*****,#.#*##..###..#.##*,**
**,*,,,...##....#.......,,,*
*,,,,,,#$#..............,,**
**,*,,,.................,,,*
****,,,,....#............,,**
**,***,*,................#***
*,,,*,,,*.......>Z)....#**
,,,*,,,*,##....ZZo..#.##
*,,,,,,,,......o@oZ)...#
**,,*,,,,......C.Z....##**
,,,,,,,,,.......#.#....#,**
,,,,,,,,,..........##.#...*
,,,,,,,,,...........,....#*
,,,,,,,,*............,...#
,,,**,,*,................#
,,,,***,*...........#.#.##
,,,,**,,,,,,*,,,,,,*,,,**


You could see an ettin, Nergalle, a spectral orc (summoned), 2 spectral orc
warriors, 2 spectral orc knights and 2 orcs.

Vanquished Creatures
  An orc warlord (Orc:2)
  A fire dragon (D:12)
  Josephine (D:10)
  A catoblepas (D:10)
  An ogre mage (D:11)
  2 centaur warriors
  An ice dragon (D:9)
  7 two-headed ogres
  3 boulder beetles (D:12)
  2 orc high priests (Orc:2)
  2 orc knights (Orc:2)
  3 orc sorcerers (Orc:2)
  A wolf spider (D:9)
  A necromancer (D:12)
  4 manticores
  2 ugly things
  5 cyclopes
  5 gargoyles
  A cane toad (shapeshifter) (D:12)
  A yaktaur (D:12)
  An efreet (D:11)
  2 unseen horrors (D:12)
  A komodo dragon (D:12)
  A tengu conjurer (D:10)
  A meliai (shapeshifter) (D:9)
  7 trolls
  Grinder (D:3)
  A hornet (D:9)
  4 meliai
  13 slime creatures
  A culicivora (shapeshifter) (D:9)
  3 shadows (D:11)
  A water elemental (D:11)
  9 yaks
  Eustachio (D:4)
  4 wraiths
  7 vampire mosquitoes
  A steam dragon (D:6)
  A basilisk (D:12)
  2 wargs
  4 acid dragons
  29 orc warriors
  3 ice beasts (D:6)
  2 black bears
  A sky beast (D:7)
  6 centaurs
  9 ogres
  3 kobold brigands
  2 bullfrogs
  2 gnoll sergeants (D:6)
  4 scorpions
  8 wights
  9 killer bees
  3 electric eels (D:11)
  4 howler monkeys
  11 orc priests
  2 hounds
  A jelly (D:6)
  A gnoll bouda (D:9)
  Terence (D:2)
  A sleepcap (D:6)
  6 iguanas
  17 orc wizards
  Robin (D:2)
  8 adders
  23 gnolls
  A shadow imp (D:7)
  3 white imps
  3 worms
  2 dart slugs
  61 orcs
  6 endoplasms
  4 giant cockroaches
  17 goblins
  7 hobgoblins
  9 jackals
  21 kobolds
  2 quokkas
  5 ball pythons
  2 bats (D:1)
  2 frilled lizards (D:1)
  4 rats
417 creatures vanquished.

Vanquished Creatures (others)
  2 orcs (D:11)
2 creatures vanquished.

Grand Total: 419 creatures vanquished

Notes
Turn   | Place    | Note
-------+----------+-------------------------------------------
     0 | D:1      | hashsling the Gargoyle Fighter began the quest for the Orb.
     0 | D:1      | Reached XP level 1. HP: 14/14 MP: 1/1
    75 | D:1      | Reached XP level 2. HP: 19/19 MP: 2/2
   393 | D:1      | Reached skill level 3 in Maces & Flails
   395 | D:1      | Reached XP level 3. HP: 19/24 MP: 3/3
   535 | D:2      | Noticed Robin
   579 | D:2      | Killed Robin
   666 | D:2      | Reached XP level 4. HP: 23/29 MP: 4/4
   845 | D:2      | Noticed Terence
   851 | D:2      | Killed Terence
   852 | D:2      | Reached skill level 4 in Maces & Flails
   901 | D:2      | Reached XP level 5. HP: 33/33 MP: 5/5
  1060 | D:2      | Found a faded altar of an unknown god.
  1595 | D:3      | Found Pecobb's Weapon Shoppe.
  1656 | D:3      | Found a faded altar of an unknown god.
  1707 | D:3      | Found a broken altar of Ashenzari.
  1733 | D:3      | Noticed Grinder
  1735 | D:3      | Paralysed by Grinder for 3 turns
  1746 | D:3      | Paralysed by Grinder for 3 turns
  1774 | D:3      | Paralysed by Grinder for 5 turns
  1785 | D:3      | Paralysed by Grinder for 4 turns
  1866 | D:3      | Paralysed by Grinder for 5 turns
  1928 | D:3      | Paralysed by Grinder for 5 turns
  1936 | D:3      | Killed Grinder
  1937 | D:3      | Reached skill level 5 in Maces & Flails
  1937 | D:3      | Reached XP level 6. HP: 29/38 MP: 6/6
  2371 | D:3      | Reached skill level 6 in Maces & Flails
  2699 | D:4      | Found a transporter.
  2704 | D:4      | Noticed CraigForest's ghost (novice MfSh)
  2907 | D:4      | Noticed an orc warrior
  2936 | D:4      | Killed an orc warrior
  2937 | D:4      | Reached XP level 7. HP: 29/44 MP: 7/7
  3151 | D:4      | Found a sacrificial altar of Ru.
  3313 | D:4      | Noticed Eustachio
  3320 | D:4      | Killed Eustachio
  3321 | D:4      | Reached skill level 5 in Fighting
  3486 | D:5      | Entered Level 5 of the Dungeon
  3797 | D:5      | Reached skill level 7 in Maces & Flails
  3867 | D:5      | Reached XP level 8. HP: 46/51 MP: 8/8
  3906 | D:5      | Found a bloodstained altar of Trog.
  4068 | D:5      | Found Ohomon's Assorted Antiques.
  4437 | D:5      | Bought a potion of might for 124 gold pieces
  4492 | D:6      | Found a shimmering altar of Xom.
  4654 | D:6      | Reached skill level 5 in Armour
  4735 | D:6      | Reached skill level 8 in Maces & Flails
  4977 | D:6      | Reached XP level 9. HP: 57/57 MP: 9/9
  5058 | D:6      | Found an opulent altar of Gozag.
  5058 | D:6      | Found a white marble altar of Elyvilon.
  5165 | D:6      | Reached skill level 9 in Maces & Flails
  5655 | D:7      | Found a shadowy altar of Dithmenos.
  5780 | D:7      | Found a staircase to the Ecumenical Temple.
  5802 | Temple   | Entered the Ecumenical Temple
  6075 | D:7      | Found Cuarin's Tiny Tomes.
  6626 | D:8      | Found a snail-covered altar of Cheibriados.
  6651 | D:8      | Reached skill level 10 in Maces & Flails
  6785 | D:8      | Reached XP level 10. HP: 56/66 MP: 10/10
  6799 | D:8      | Noticed a two-headed ogre
  6811 | D:8      | Killed a two-headed ogre
  6996 | D:8      | Noticed a two-headed ogre
  7009 | D:8      | Killed a two-headed ogre
  7010 | D:8      | Reached skill level 11 in Maces & Flails
  7207 | D:8      | Reached skill level 10 in Fighting
  7512 | D:9      | Found an iron altar of Okawaru.
  7522 | D:9      | Became a worshipper of Warmaster Okawaru
  7553 | D:9      | Found a basalt altar of Yredelemnul.
  7611 | D:9      | Found a radiant altar of Vehumet.
  7893 | D:9      | Found a hide-covered altar of Uskayaw.
  7940 | D:9      | Found a staircase to the Lair.
  8119 | D:9      | Noticed a brown ugly thing
  8149 | D:9      | Killed a brown ugly thing
  8149 | D:9      | Reached * piety under Okawaru
  8186 | D:9      | Noticed a centaur warrior
  8202 | D:9      | Killed a centaur warrior
  8203 | D:9      | Reached skill level 12 in Maces & Flails
  8208 | D:9      | Reached ** piety under Okawaru
  8209 | D:9      | Reached XP level 11. HP: 49/73 MP: 11/11
  8390 | D:9      | Noticed a manticore
  8402 | D:9      | Killed a manticore
  8501 | D:9      | Noticed a cyclops
  8501 | D:9      | Noticed a wolf spider
  8501 | D:9      | Noticed an ice dragon
  8506 | D:9      | Noticed a cyclops
  8512 | D:9      | Killed a wolf spider
  8521 | D:9      | Killed an ice dragon
  8522 | D:9      | Reached skill level 13 in Maces & Flails
  8524 | D:9      | Killed a cyclops
  8524 | D:9      | Reached *** piety under Okawaru
  8528 | D:9      | Killed a cyclops
  8707 | D:9      | Identified the +1 flail of the Realm of Zot {freeze, Str+4
                  | Int-2}
  8709 | D:9      | Identified the ring "Moinn" {Fire rN+}
  8849 | D:9      | Reached **** piety under Okawaru
  8904 | D:10     | Entered Level 10 of the Dungeon
  9185 | D:10     | Noticed Josephine
  9200 | D:10     | Killed Josephine
  9282 | D:10     | Noticed a two-headed ogre
  9289 | D:10     | Killed a two-headed ogre
  9290 | D:10     | Reached skill level 14 in Maces & Flails
  9308 | D:10     | Reached ***** piety under Okawaru
  9401 | D:10     | Found a shimmering blue altar of Sif Muna.
  9460 | D:10     | Noticed a catoblepas
  9462 | D:10     | Found the +10 dark maul {heavy}
  9465 | D:10     | Noticed a two-headed ogre
  9483 | D:10     | Identified the +1 scale mail of Sayw {rElec}
  9503 | D:10     | Killed a two-headed ogre
  9504 | D:10     | Reached XP level 12. HP: 33/82 MP: 12/12
  9508 | D:10     | HP: 2/82 [gargoyle/+0 flail of protection (6)]
  9514 | D:10     | HP: 2/82 [gargoyle/stone arrow (2)]
  9762 | D:10     | Killed a catoblepas
 10042 | D:11     | Found a staircase to the Orcish Mines.
 10314 | D:11     | Received a gift from Okawaru
 10466 | D:11     | Noticed an ogre mage
 10467 | D:11     | Killed an ogre mage
 10495 | D:11     | Noticed a two-headed ogre
 10509 | D:11     | Killed a two-headed ogre
 10634 | D:11     | Found Kabraong's Jewellery Shop.
 10688 | D:11     | Noticed a centaur warrior
 10691 | D:11     | Killed a centaur warrior
 10753 | D:11     | Reached skill level 15 in Maces & Flails
 11179 | D:11     | Noticed a two-headed ogre
 11186 | D:11     | Killed a two-headed ogre
 11413 | D:12     | Found a gate leading to a gauntlet.
 11416 | D:12     | Noticed a boulder beetle
 11428 | D:12     | Killed a boulder beetle
 11428 | D:12     | Reached ****** piety under Okawaru
 11429 | D:12     | Reached XP level 13. HP: 90/90 MP: 13/13
 11451 | D:12     | Identified the +7 broad axe of a volcano {freeze, Dex+3}
                  | (Okawaru gifted it to you on level 12 of the Dungeon)
 11451 | D:12     | Received a gift from Okawaru
 11600 | D:12     | Noticed a fire dragon
 11604 | D:12     | Reached skill level 16 in Maces & Flails
 11604 | D:12     | Killed a fire dragon
 11772 | D:12     | Got Dispater's Almanac of Metal
 11786 | D:12     | Identified the +1 leather armour of Duty {rPois Will++
                  | Dex-2 SInv}
 12347 | D:12     | Identified the +6 mace "Fyazaaro" {elec, Dex+2}
 12450 | D:11     | HP: 3/91 [meliai/+0 hand axe (5)]
 12450 | D:11     | HP: 1/91 [meliai/+0 war axe (2)]
 12661 | D:12     | Received a gift from Okawaru
 13126 | D:12     | Found Hyifuz Iwio's Jewellery Shop.
 13226 | Orc:1    | Entered Level 1 of the Orcish Mines
 13388 | Orc:2    | Entered Level 2 of the Orcish Mines
 13391 | Orc:2    | Reached skill level 15 in Fighting
 13539 | Orc:2    | Found Walosk's Antique Armour Shop.
 13561 | Orc:2    | Reached skill level 17 in Maces & Flails
 13635 | Orc:2    | Bought a glowing helmet for 150 gold pieces
 13747 | Orc:2    | Reached skill level 10 in Armour
 13752 | Orc:2    | Noticed an orc warlord
 13761 | Orc:2    | Killed an orc warlord
 13761 | Orc:2    | Received a gift from Okawaru
 13810 | Orc:2    | Found Zesmeiruu's Antique Weapon Emporium.
 13820 | Orc:2    | Reached skill level 1 in Invocations
 13820 | Orc:2    | Gained mutation: Your large and strong wings let you fly.
                  | [Gargoyle growth]
 13820 | Orc:2    | Reached XP level 14. HP: 59/98 MP: 11/14
 13948 | Orc:2    | Found Rinestawku's Jewellery Shop.
 13992 | Orc:2    | Found a staircase to the Elven Halls.
 14106 | Orc:2    | Found Anishrit's General Store.
 14114 | Orc:2    | Bought the +3 plate armour of the Mauling Gods {rC++} for
                  | 1000 gold pieces
 14250 | Orc:1    | Noticed Nergalle
 14256 | Orc:1    | HP: 1/96 [spectral orc warrior/+0 long sword[Nergalle] (6)]
 14256 | Orc:1    | Slain by an orc

Illustrated notes

Levels and vault maps discovered:
D:1:      amcnicky_arrival_blooded_trapdoor, layout_basic
D:2:      layout_basic, hellmonk_ecumenical_altar_leap_of_faith,
          minmay_liquid_box, grunt_decor_junction, uniq_robin, uniq_terence
D:3:      layout_loops_corners, nicolae_overflow_ecumenical_swirl, serial_shops,
          nicolae_shop_tiny_glass, uniq_grinder
D:4:      layout_basic, nicolae_ru_awakened_eye, gammafunk_ghost_stat_death,
          minmay_manual_mandibuliform, uniq_eustachio
D:5:      layout_loops_corners, trog_three_pillars_becter, serial_shops,
          nicolae_shop_tiny_waterfront, grunt_ministairs_8,
          corexii_leaking_fountain
D:6:      layout_basic, kennysheep_little_box, jmf_multi_god_temple,
          st_stairs_2, chequers_avenue, minmay_misc_feat_room
D:7:      layout_basic, old_standard_altar, minmay_temple_entry_waves,
          nrook_mini_backslash, nicolae_shop_i_like_small_books_too,
          columned_hall_lemuel
D:8:      layout_basic, kennysheep_slug_shrine
D:9:      minmay_sliced_demisemicircle, layout_irregular_city,
          mainiacjoe_overflow_paths, mainiacjoe_overflow_catwalk,
          okawaru_ov_weapons_minmay, mainiacjoe_overflow_boulevard
D:10:     layout_stronghold, led_sif_book, serial_column_ruins,
          column_ruins_columns_straight, column_ruins_corridor_T,
          column_ruins_grid_2, column_ruins_grid_1, column_ruins_open_small,
          st_stairs_2, minmay_mirror_moons_of_madness, uniq_josephine
D:11:     minmay_distorted_concentric_squares, layout_basic, hiddenorc2_lemuel,
          serial_shops, shop, lightli_fourway_metalbox
D:12:     hangedman_cross_cluster, layout_irregular_city,
          gauntlet_entry_generic, serial_shops, shop
Temple:   grunt_temple_mini_profane
Orc:1:    layout_caves, mines4_lemuel, uniq_nergalle
Orc:2:    grunt_orc_gardens, layout_caves, grunt_orc_garden, grunt_orc_garden,
          grunt_orc_garden, grunt_orc_garden, basic_altar

Skill      XL: |  1  2  3  4  5  6  7  8  9 10 11 12 13 |
---------------+----------------------------------------+-----
Maces & Flails | 3 4 5 6 7 8 10 12 14 15 17 | 17.5
Fighting       | 4 5 7 9 10 12 14 15 | 15.0
Armour         | 4 5 7 9 10 | 10.2
Shields        | 4 |  4.2
Invocations    | 1 |  1.7

Action                     |  1- 3 |  4- 6 |  7- 9 | 10-12 | 13-15 || total
---------------------------+-------+-------+-------+-------+-------++-------
  Melee: Flail             |   101 |   131 |   377 |   259 |       ||   868
         Mace              |       |    31 |       |       |       ||    31
         Dire flail        |       |       |       |   113 |       ||   113
         Maul              |       |       |       |   110 |   196 ||   306
 Invoke: Heroism           |       |       |       |       |     1 ||     1
  Evoke: Wand              |       |     2 |     6 |     5 |       ||    13
    Use: Potion            |     1 |       |     2 |     5 |     4 ||    12
         Scroll            |       |       |     9 |     2 |     3 ||    14
   Stab: Petrified         |       |       |       |     2 |       ||     2
 Armour: Scale mail        |    69 |    74 |       |       |       ||   143
         Chain mail        |       |    16 |       |       |    10 ||    26
         Plate armour      |       |       |   293 |   242 |    44 ||   579
         Ice dragon scales |       |       |       |    83 |   257 ||   340
  Dodge: Dodged            |    59 |    58 |   155 |   311 |   302 ||   885
  Block: Buckler           |    19 |    16 |    84 |    49 |       ||   168

Table legend: (Time is in decaauts)
 A = Elapsed time spent in this place.
 B = Non-inter-level travel time spent in this place.
 C = Inter-level travel time spent in this place.
 D = Time resting spent in this place.
 E = Time spent auto-exploring this place.
 F = Levels seen in this place.
 G = Mean time per level.
                   A        B        C        D        E       F      G
               +--------+--------+--------+--------+--------+-----+--------+
         Total |  14602 |  14063 |    539 |    550 |  10220 |  15 |  973.5 |
       Dungeon |  13411 |  12891 |    520 |    550 |   9590 |  12 | 1117.6 |
        Temple |      1 |      1 |      0 |      0 |      0 |   1 |    1.0 |
  Orcish Mines |   1188 |   1170 |     18 |      0 |    630 |   2 |  594.0 |
               +--------+--------+--------+--------+--------+-----+--------+

Top non-repeatable levels by time:
    D:12: 1829 daAuts
     D:9: 1693 daAuts
    D:11: 1507 daAuts
     D:6: 1140 daAuts
     D:2: 1124 daAuts
     D:3: 1094 daAuts
     D:5: 988 daAuts
   Orc:2: 973 daAuts
     D:8: 942 daAuts
    D:10: 919 daAuts
     D:7: 841 daAuts
     D:4: 823 daAuts
     D:1: 505 daAuts
   Orc:1: 214 daAuts
  Temple: 1 daAuts
